 Dungeon Crawl Stone Soup version 0.30.1-3-gfc49f6343a (webtiles) character file.

Game seed: 12375109723279272463

511 shmup the Firebug (level 7, 0/37 HPs)
             Began as a Tengu Fire Elementalist on July 22, 2023.
             Killed by divine providence
             ... invoked by an orc priest
              (11 damage)
             ... on level 3 of the Dungeon.
             The game lasted 00:11:15 (4134 turns).

shmup the Firebug (Tengu Fire Elementalist)         Turns: 4134, Time: 00:11:16

Health: 0/37       AC:  2    Str:  8    XL:     7   Next: 19%
Magic:  20/20      EV: 15    Int: 18    God:
Gold:   220        SH:  0    Dex: 14    Spells: 7/10 levels left

rFire   . . .        i - +0 short sword (vamp)
rCold   . . .        (no shield)
rNeg    . . .        a - +0 robe
rPois   .            (helmet restricted)
rElec   .            (no cloak)
rCorr   +            (no gloves)
SInv    .            (boots unavailable)
Will    .....        x - amulet of magic regeneration
Stlth   ++           u - ring of magical power
HPRegen 0.26/turn    v - ring of resist corrosion
MPRegen 0.57/turn

%: no passive effects
@: flying quickly and evasively, quick
A: beak, talons 3, nimble flight
a: no special abilities


You were on level 3 of the Dungeon.
You visited 1 branch of the dungeon, and saw 4 of its levels.

You collected 220 gold pieces.

Inventory:

Hand Weapons
 g - a +0 short sword
 i - a +0 vampiric short sword (weapon)
Missiles
 c - 5 curare-tipped darts (quivered)
 f - 8 stones
 k - 14 poisoned darts
 p - a throwing net
 q - 6 javelins
Armour
 a - a +0 robe (worn)
 j - a +0 cloak
Jewellery
 l - a ring of ice
 u - a ring of magical power (left hand)
 v - a ring of resist corrosion (right hand)
 x - an amulet of magic regeneration (around neck)
Scrolls
 e - 2 scrolls of amnesia {unknown}
 o - 3 scrolls of identify {unknown}
 r - 2 scrolls of enchant armour {unknown}
 t - a scroll of fear {unknown}
 y - a scroll of teleportation {unknown}
 A - a scroll of butterflies {unknown}
Potions
 d - a potion of mutation {unknown}
 h - a potion of curing {unknown}
 m - 2 potions of might {unknown}
 n - 2 potions of berserk rage {unknown}
 s - a potion of degeneration {unknown}
 w - a potion of ambrosia {unknown}
 z - 2 potions of flight {unknown}


   Skills:
 + Level 0.4 Fighting
 * Level 2.3 Dodging
 - Level 2.0 Stealth
 - Level 2.0 Spellcasting
 + Level 5.4 Conjurations
 + Level 7.3 Fire Magic


You had 7 spell levels left.
You knew the following spells:

 Your Spells              Type           Power      Damage    Failure   Level
a - Foxfire               Conj/Fire      96%        2x1d8     1%          1
b - Scorch                Fire           56%        2d7       1%          2

Your spell library contained the following spells:

 Spells                   Type           Power      Damage    Failure   Level
 Inner Flame              Hex/Fire       15%        N/A       12%         3
 Volatile Blastmotes      Fire/Tloc      30%        2d12      12%         3
 Flame Wave               Conj/Fire      24%        2d8       13%         4
 Dazzling Flash           Conj/Hex       22%        N/A       19%         3
 Call Canine Familiar     Summ           1%         N/A       47%         3
 Portal Projectile        Hex/Tloc       2%         N/A       47%         3
 Leda's Liquefaction      Hex/Erth       0%         N/A       87%         4
 Manifold Assault         Tloc           1%         N/A       87%         4
 Agony                    Necr           1%         N/A       99%         5
 Silence                  Hex/Air        0%         N/A       99%         5
 Dispersal                Tloc           0%         N/A       100%        6
 Disjunction              Tloc           0%         N/A       100%        8


Dungeon Overview and Level Annotations

Branches:
Dungeon (4/15)
 Temple: D:4-7

Altars:
Ashenzari

Shops:
D:1 :

Annotations:
D:3 1 runed translucent door, Crazy Yiuf


Innate Abilities, Weirdness & Mutations

You have a beak for a mouth.
You have claws for feet.
Your magical nature lets you fly swiftly and evasively.


Message History

Found a hammer.
Found a runed translucent door.
Crazy Yiuf shouts!
Crazy Yiuf waves his quarterstaff at you.
You see here a +0 dagger.
An orc comes into view. It is wielding a +0 falchion.
The orc shouts! x2; You hear a shout!
Okay, then.
Casting: Scorch (safe; 1% risk of failure)
Confirm with . or Enter, or press ? or * to list all spells.
Flames lash the orc.
You kill the orc!
Casting: Scorch (safe; 1% risk of failure)
Confirm with . or Enter, or press ? or * to list all spells.
Flames lash the orc priest but do no damage.
The orc priest invokes the aid of Beogh against you.
Pain shoots through your body!
Unknown command.
Casting: Scorch (safe; 1% risk of failure)
Confirm with . or Enter, or press ? or * to list all spells.
Flames lash the orc priest.
The orc priest is moderately wounded.
The orc priest's fire resistance burns away.
Casting: Scorch (safe; 1% risk of failure)
Confirm with . or Enter, or press ? or * to list all spells.
Flames lash the orc priest but do no damage.
The orc priest invokes the aid of Beogh against you.
Beogh smites you!
* * * LOW HITPOINT WARNING * * *
Unknown command.
You hit the orc priest but do no damage.
Your peck misses the orc priest.
The orc priest is moderately wounded.
The orc priest hits you with a +0 flail.
* * * LOW HITPOINT WARNING * * *
Unknown command.
Magic courses through your body.
The orc priest is no longer more vulnerable to fire.
The orc priest calls down the wrath of Beogh upon you.
Beogh smites you!
You die...

.<........▒▒
.........).▒▒.▒
..▒▒.▒.▒.▒▒
▒.▒▒▒▒▒▒▒..▒▒.▒
..▒...(▒.▒ ▒..▒▒.▒
.......▒.▒ ▒..▒▒.▒▒▒
..▒...▒▒▒. ▒▒
▒..▒▒...▒▒ ▒.▒▒.▒▒ ▒
▒▒▒. ▒).▒▒...%. ▒.▒▒.▒
... ▒.......▒▒ ▒.▒▒.▒
▒.▒.▒▒▒▒▒▒▒▒▒...▒...▒▒
.....▒
▒..ooQ...............▒
▒.▒▒▒▒
▒▒▒)▒▒▒▒▒▒▒▒▒▒........
▒.▒ ▒. ▒▒.▒▒.▒.▒ ▒.▒
▒. ▒.▒▒.▒.▒ ▒.▒ ▒.
▒.▒▒.▒.. ..▒ ▒o
▒.▒▒.▒▒▒ ▒.▒ ▒o ▒.▒..▒
▒.▒ ▒..▒ ▒.▒.▒▒ ▒.▒
▒.▒ ▒.▒.▒▒


You could see an orc priest and an orc.

Vanquished Creatures
  An ice beast (D:3)
  A bullfrog (D:4)
  2 scorpions (D:4)
  A jelly (D:4)
  An iguana (D:4)
  Natasha (D:3)
  3 gnolls (D:2)
  5 adders
  An ufetubus (D:4)
  A worm (D:4)
  2 dart slugs
  6 orcs
  4 bats
  4 endoplasms
  5 giant cockroaches
  6 goblins
  6 hobgoblins
  2 jackals (D:3)
  5 ball pythons
  13 frilled lizards
  7 kobolds
  9 rats
86 creatures vanquished.

Vanquished Creatures (others)
  168 foxfires
168 creatures vanquished.

Grand Total: 254 creatures vanquished

Notes
Turn   | Place    | Note
-------+----------+-------------------------------------------
     0 | D:1      | shmup the Tengu Fire Elementalist began the quest for the
                  | Orb.
     0 | D:1      | Reached XP level 1. HP: 10/10 MP: 4/4
   194 | D:1      | Reached XP level 2. HP: 15/15 MP: 3/6
   458 | D:1      | Reached skill level 4 in Fire Magic
   478 | D:1      | Found a faded altar of an unknown god.
   601 | D:1      | Found Ridwomif's Book Shoppe.
   814 | D:1      | Reached XP level 3. HP: 19/19 MP: 5/7
  1722 | D:2      | Learned a level 2 spell: Scorch
  1740 | D:2      | Reached XP level 4. HP: 24/24 MP: 5/8
  2077 | D:2      | Reached skill level 5 in Fire Magic
  2389 | D:3      | You fall into a shaft and drop 1 floor!
  2391 | D:4      | Found a broken altar of Ashenzari.
  2625 | D:4      | Gained mutation: Your magical nature lets you fly swiftly
                  | and evasively. [Tengu growth]
  2625 | D:4      | Reached XP level 5. HP: 28/28 MP: 2/9
  3064 | D:4      | Reached skill level 6 in Fire Magic
  3064 | D:4      | Reached XP level 6. HP: 25/32 MP: 10/10
  3165 | D:4      | Reached skill level 5 in Conjurations
  3456 | D:3      | Noticed an ice beast
  3477 | D:3      | Killed an ice beast
  3478 | D:3      | Reached skill level 7 in Fire Magic
  3478 | D:3      | Reached XP level 7. HP: 11/36 MP: 7/11
  4011 | D:3      | Noticed Natasha
  4019 | D:3      | Killed Natasha
  4090 | D:3      | Found a runed translucent door.
  4091 | D:3      | Noticed Crazy Yiuf
  4134 | D:3      | Killed from afar by an orc priest

Illustrated notes

Levels and vault maps discovered:
D:1:      beargit_arrival_greenhouse, layout_loops_cross, serial_shops,
          nicolae_shop_window_shopping, shapermc_ecumenical_altar_flowoftime,
          minmay_lizard_king
D:2:      layout_basic
D:3:      layout_loops_ring, uniq_crazy_yiuf_cottage, uniq_natasha
D:4:      kennysheep_six_static_rooms, layout_loops_ring,
          evilmike_ruin_ashenzari

Skill      XL: |  1  2  3  4  5  6 |
---------------+-------------------+-----
Conjurations   | 2 3 4 5 |  5.4
Fire Magic     | 4 5 6 7 |  7.3
Fighting       | |  0.4
Dodging        | |  2.3
Stealth        | |  2.0
Spellcasting   | |  2.0

Action                     |  1- 3 |  4- 6 |  7- 9 || total
---------------------------+-------+-------+-------++-------
  Melee: Short sword       |    12 |     9 |     4 ||    25
         Unarmed           |     2 |       |       ||     2
         Kick              |     3 |     4 |     2 ||     9
         Peck              |     2 |     2 |       ||     4
   Cast: Foxfire           |    52 |    37 |    11 ||   100
         Scorch            |       |    25 |     6 ||    31
    Use: Potion            |       |       |     1 ||     1
   Stab: Sleeping          |       |       |     1 ||     1
 Armour: Robe              |     6 |     4 |       ||    10
  Dodge: Dodged            |    25 |    10 |       ||    35
